 Dungeon Crawl Stone Soup version 0.23.0-3-gf3c87f2 (webtiles) character file.

Game seed: 1945443330093034591

509 misha the Spear-Bearer (level 7, 0/50 HPs)
             Began as a Merfolk Gladiator on Feb 23, 2019.
             Slain by a gnoll
             ... wielding a cursed +0 spear
              (2 damage)
             ... on level 4 of the Dungeon.
             The game lasted 00:10:26 (4327 turns).

misha the Spear-Bearer (Merfolk Gladiator)          Turns: 4327, Time: 00:10:26

Health: 0/50       AC:  4    Str: 16    XL:     7   Next: 19%
Magic:  7/7        EV: 14    Int:  7    God:
Gold:   325        SH:  0    Dex: 16    Spells: 6/6 levels left

rFire    . . .     SeeInvis .   a - +0 trident
rCold    . . .     Gourm    .   (no shield)
rNeg     . . .     Faith    .   b - +0 leather armour
rPois    .         Spirit   .   c - +0 helmet
rElec    .         Reflect  .   (no cloak)
rCorr    .         Harm     .   (no gloves)
MR       .....                  (no boots)
Stlth    +.........             (no amulet)
HPRegen  0.16/turn              (no ring)
MPRegen  0.10/turn              (no ring)

@: no status effects
A: change form in water, swift swim, stealthy swim
a: no special abilities


You were on level 4 of the Dungeon.
You were not hungry.

You visited 1 branch of the dungeon, and saw 4 of its levels.

You collected 325 gold pieces.

Inventory:

Hand Weapons
 a - a +0 trident (weapon)
Missiles
 e - 51 sling bullets
 i - 22 poisoned needles (quivered)
 j - 36 bolts
 n - 122 stones
 o - 19 arrows
Armour
 b - a +0 leather armour (worn)
 c - a +0 helmet (worn)
Jewellery
 l - an uncursed amulet of the acrobat
 s - a +5 ring of protection
 t - an uncursed ring of flight {unknown}
Scrolls
 g - a scroll of enchant weapon {unknown}
 h - 7 scrolls of identify
 m - a scroll of random uselessness {unknown}
 p - 2 scrolls of teleportation
 r - a scroll of magic mapping {unknown}
 v - a scroll of amnesia {unknown}
 w - a scroll of blinking {unknown}
 x - a scroll of remove curse {unknown}
 y - a scroll of fog
Potions
 d - a potion of might
 k - 3 potions of curing {unknown}
 q - a potion of ambrosia {unknown}
 u - 2 potions of agility {unknown}
 z - 2 potions of flight {unknown}
 A - a potion of cancellation {unknown}
Comestibles
 f - 2 rations


   Skills:
 - Level 2.2 Fighting
 + Level 8.5 Polearms
 + Level 5.0 Throwing
 - Level 0.3 Armour
 - Level 4.8 Dodging
 - Level 0.3 Stealth


You had 6 spell levels left.
You didn't know any spells.
Your spell library contained the following spells:

 Spells                   Type           Power        Failure   Level  Hunger
 Beastly Appendage        Tmut           #.....       50%         1    ##.....
 Sticks to Snakes         Tmut           #.......     65%         2    ###....
 Spider Form              Tmut/Pois      #.........   86%         3    ####...
 Ice Form                 Ice/Tmut       #.......     99%         4    #####..
 Blade Hands              Tmut           #.........   100%        5    ######.


Dungeon Overview and Level Annotations

Branches:
Dungeon (4/15)
 Temple: D:4-7

Altars:
Cheibriados

Annotations:
D:3 1 runed translucent door, Crazy Yiuf


Message History

You puncture the gnoll!
The gnoll is heavily wounded.
The gnoll hits you with a +0 whip.
* * * LOW HITPOINT WARNING * * *
You closely miss the gnoll.
The gnoll is heavily wounded.
The gnoll misses you.
You barely miss the gnoll.
The gnoll is heavily wounded.
The gnoll hits you with a +0 whip.
* * * LOW HITPOINT WARNING * * *
You barely miss the gnoll.
The gnoll is heavily wounded.
The gnoll misses you. x2
You puncture the gnoll!
You kill the gnoll!
The gnoll closely misses you.
You closely miss the gnoll.
The gnoll hits you from afar with a cursed +0 spear.
You die...

.............#..#
###......#......#
#......#......#
#..............
+.....#........
#..####........
#..# ##.......
####..# #....###..
#@gg..##...... ...
###g######....#...
### #........
####.>... #...#


You could see 3 gnolls.

Vanquished Creatures
  Sigmund (D:3)
  A scorpion (D:2)
  Terence (D:2)
  Natasha (thrice) (D:3)
  3 worker ants
  6 adders
  A gnoll (D:4)
  An ooze (D:3)
  A worm (D:3)
  2 dart slugs (D:2)
  2 leopard geckos (D:3)
  3 orcs (D:3)
  7 bats
  6 giant cockroaches
  9 goblins
  2 hobgoblins
  A quokka (D:3)
  3 ball pythons
  5 frilled lizards
  6 kobolds
  3 rats
67 creatures vanquished.

Vanquished Creatures (others)
  A frilled lizard (D:1)
1 creature vanquished.

Grand Total: 68 creatures vanquished

Notes
Turn   | Place    | Note
-------+----------+-------------------------------------------
     0 | D:1      | misha the Merfolk Gladiator began the quest for the Orb.
     0 | D:1      | Reached XP level 1. HP: 16/16 MP: 1/1
   394 | D:1      | Reached XP level 2. HP: 22/22 MP: 2/2
   611 | D:1      | Reached skill level 5 in Polearms
   838 | D:2      | Reached XP level 3. HP: 18/27 MP: 3/3
  1285 | D:2      | Found a snail-covered altar of Cheibriados.
  1720 | D:2      | Reached XP level 4. HP: 33/33 MP: 4/4
  1764 | D:2      | Noticed Terence
  1775 | D:2      | Killed Terence
  1997 | D:2      | Reached skill level 6 in Polearms
  1997 | D:2      | Reached XP level 5. HP: 37/38 MP: 5/5
  2330 | D:3      | Noticed Natasha
  2336 | D:3      | Killed Natasha
  2417 | D:3      | Noticed Natasha
  2427 | D:3      | Killed Natasha
  2455 | D:3      | Found a runed translucent door.
  2456 | D:3      | Noticed Crazy Yiuf
  2487 | D:3      | Reached skill level 7 in Polearms
  2631 | D:3      | Noticed Sigmund
  2883 | D:3      | Killed Sigmund
  2883 | D:3      | Reached XP level 6. HP: 27/44 MP: 6/6
  3074 | D:3      | Noticed Natasha
  3081 | D:3      | Killed Natasha
  3081 | D:3      | Reached skill level 8 in Polearms
  3610 | D:4      | Reached XP level 7. HP: 41/50 MP: 7/7
  3746 | D:3      | Reached skill level 5 in Throwing
  4324 | D:4      | HP: 1/50 [gnoll/+0 whip (2)]
  4327 | D:4      | Slain by a gnoll

Skill      XL: |  1  2  3  4  5  6  7 |
---------------+----------------------+-----
Polearms       | 5 6 7 8 |  8.5
Throwing       | 3 4 5 |  5.0
Fighting       | |  2.2
Armour         | |  0.3
Dodging        | |  4.8
Stealth        | |  0.3

Action                   |  1- 3 |  4- 6 |  7- 9 || total
-------------------------+-------+-------+-------++-------
Melee: Trident           |    95 |   133 |    30 ||   258
Throw: Throwing net      |       |     4 |       ||     4
  Use: Scroll            |       |     3 |       ||     3
 Stab: Sleeping          |     4 |     1 |       ||     5
       Held in net/web   |       |     3 |       ||     3
  Eat: Chunk             |     2 |     3 |       ||     5
       Ration            |       |     1 |     1 ||     2
Armor: Leather armour    |    36 |    14 |     7 ||    57
Dodge: Dodged            |    76 |    61 |    28 ||   165
